 Dungeon Crawl Stone Soup version 0.28.0 (webtiles) character file.

Game seed: 12159603141973058073

243 AmazingTV the Shield-Bearer (level 5, 0/48 HPs)
             Began as a Minotaur Fighter on July 1, 2022.
             Succumbed to a kobold brigand's poison
             ... on level 5 of the Dungeon.
             The game lasted 00:10:01 (3959 turns).

AmazingTV the Shield-Bearer (Minotaur Fighter)      Turns: 3959, Time: 00:10:02

Health: 0/48       AC:  7    Str: 20    XL:     5   Next: 82%
Magic:  4/4        EV:  9    Int:  7    God:
Gold:   216        SH:  5    Dex: 10    Spells: 4/4 levels left

rFire   + . .      SeeInvis .   a - +0 war axe {axe}
rCold   + . .      Faith    .   c - +0 buckler
rNeg    . . .      Spirit   .   b - +0 scale mail
rPois   +          Reflect  .   (helmet restricted)
rElec   +          Harm     .   (no cloak)
rCorr   +          Rampage  .   (no gloves)
Will    +....                   (no boots)
Stlth   ..........              (no amulet)
HPRegen 0.16/turn               h - ring of willpower
MPRegen 0.09/turn               (no ring)

@: mighty, lethally poisoned (0 -> -7), resistant, attractive
A: horns 2, retaliatory headbutt
a: no special abilities


You were on level 5 of the Dungeon.
You visited 1 branch of the dungeon, and saw 5 of its levels.

You collected 216 gold pieces.


Innate Abilities, Weirdness & Mutations

You have a pair of horns on your head.
You reflexively headbutt those who attack you in melee.


   Skills:
 + Level 5.0 Fighting
 + Level 4.2 Axes
 + Level 5.0 Armour
 + Level 5.1 Shields


You had 4 spell levels left.
You didn't know any spells.
Your spell library contained the following spells:

 Spells                   Type           Power      Damage    Failure   Level
 Scorch                   Fire           0%         2d5       94%         2
 Stone Arrow              Conj/Erth      0%         3d7       99%         3
 Animate Armour           Summ/Erth      0%         N/A       100%        4
 Flame Wave               Conj/Fire      0%         2d4       100%        4
 Summon Cactus Giant      Summ           0%         N/A       100%        6
 Lehudib's Crystal Spear  Conj/Erth      0%         10d2      100%        8

Inventory:

Hand Weapons
 a - a +0 war axe (weapon) {axe}
 p - the +5 dagger "Jacwikae" {vorpal, *Corrode rN++, short}
   (You found it on level 2 of the Dungeon)

   It inflicts extra damage upon your enemies.
   rN:        It greatly protects you from negative energy.
   *Corrode:  It may corrode you when you take damage.
Missiles
 f - 45 stones (quivered)
 m - 40 arrows
 r - 5 atropa-tipped darts
Armour
 b - a +0 scale mail (worn)
 c - a +0 buckler (worn)
 q - a +0 pair of gloves
   (You found it on level 2 of the Dungeon)
Magical Staves
 l - a staff of conjuration {!astaff}
   (You found it on level 2 of the Dungeon)
Jewellery
 h - a ring of willpower (left hand)
   (You found it on level 1 of the Dungeon)
Scrolls
 i - a scroll of enchant weapon
 n - a scroll of teleportation {unknown}
 o - a scroll of vulnerability {unknown}
Potions
 e - a potion of resistance

Dungeon Overview and Level Annotations

Branches:
Dungeon (5/15)
 Temple: D:4-7

Altars:
Dithmenos
Nemelex Xobeh

Annotations:
D:2 Sigmund
D:4 Edmund, Menkaure

#.....# #.#####..#
#.....#####.#####..#
#...........##......
#.....####......#..#
#.....# ##.##.....#
###.### #.#......# #.#
#........# #.#
#####.#### ##@# #.*
#KK# #.* #K## **+**
####K## **,,,**
#.$.K.### **,,,,,**
#.##..#$## **,,,,,,,*
#,*#..K.K#***,,,,,,,,,
*,*#.....K.KK..,,,,,,,
*,*#(...(####..,,,,,,,


You could see a kobold brigand and 4 kobolds.


Message History

😱 HP[-7]
You take 7 damage, and now have 1/47 hp.
You closely miss the sky beast. Your headbutt misses the sky beast.
The sky beast closely misses you.
You slash the sky beast!
You kill the sky beast!
Your Fighting skill increases to level 5!
Your Axes skill increases to level 4!
Your Armour skill increases to level 5!
Your Shields skill increases to level 5!
You now have 48 max hp (+1).
You start resting.
A kobold brigand comes into view.
It is wielding a +0 club and quivering poisoned darts. 😕 HP[+39]
You regained 39 hp, and now have 40/48 hp.
The kobold brigand shouts!
You hear a shout!
The kobold brigand throws a poisoned dart.
The poisoned dart hits you!
You are poisoned. 2 kobolds come into view.
You feel sick.
The kobold shouts!
The kobold brigand throws a poisoned dart.
The poisoned dart hits you!
You are more poisoned.
A kobold comes into view. It is wielding a +0 whip. 😕 HP[-1]
You take 1 damage, and now have 39/48 hp.
You feel very sick.
The kobold brigand hits you with a +0 club. 😮 HP[-5]
You take 5 damage, and now have 34/48 hp.
You are too injured to fight recklessly!
You are too injured to fight recklessly!
You feel sick.
A kobold comes into view. It is wielding a +0 dagger. 😮 HP[-2]
You take 2 damage, and now have 32/48 hp.
You feel very sick.
The kobold brigand throws a poisoned dart.
The poisoned dart hits you.
You are more poisoned. 😮 HP[-3]
You take 3 damage, and now have 29/48 hp.
You feel very sick.
The kobold brigand throws a poisoned dart.
The poisoned dart hits you!
You are more poisoned. 😮 HP[-3]
You take 3 damage, and now have 26/48 hp.
* * * LOW HITPOINT WARNING * * *
You feel very sick. 😨 HP[-5]
You take 5 damage, and now have 21/48 hp.
* * * LOW HITPOINT WARNING * * *
You feel very sick. 😨 HP[-3]
You take 3 damage, and now have 18/48 hp.
You feel very sick. 😨 HP[-3]
You take 3 damage, and now have 15/48 hp.
You feel sick.
The kobold brigand throws a poisoned dart.
The poisoned dart hits you!
You are lethally poisoned! 😨 HP[-2]
You take 2 damage, and now have 13/48 hp.
It was a potion of resistance.
You feel protected.
* * * LOW HITPOINT WARNING * * *
You feel very sick.
The kobold brigand throws a poisoned dart.
The poisoned dart barely misses you. 😱 HP[-4]
You take 4 damage, and now have 9/48 hp.
It was a potion of attraction.
You feel attractive to monsters.
* * * LOW HITPOINT WARNING * * *
You feel very sick.
The kobold brigand is attracted toward you.
The kobold is attracted toward you. 😱 HP[-4]
You take 4 damage, and now have 5/48 hp.
You feel very mighty all of a sudden.
* * * LOW HITPOINT WARNING * * *
You feel sick.
The kobold is attracted toward you. x2 😱 HP[-2]
You take 2 damage, and now have 3/48 hp.
As you read the scroll labelled KOPACE YCATOSK, it crumbles to dust.
It is a scroll of identify.
i - a scroll of enchant weapon
* * * LOW HITPOINT WARNING * * *
You feel sick.
The kobold brigand hits you but does no damage.
The kobold hits you but does no damage. 😱 HP[-1]
You take 1 damage, and now have 2/48 hp.
As you read the scroll labelled KUSAXU UPHIDD, it crumbles to dust.
You feel aware of your surroundings.
You sensed 3 altars.
It was a scroll of magic mapping.
You die...

Skill      XL: |  1  2  3  4  5 |
---------------+----------------+-----
Shields        | 4 5 |  5.1
Fighting       | 4 5 |  5.0
Armour         | 4 5 |  5.0
Axes           | 3 4 |  4.2

Action                   |  1- 3 |  4- 6 || total
-------------------------+-------+-------++-------
Melee: War axe           |    84 |   112 ||   196
       Headbutt          |    13 |    12 ||    25
Throw: Dart              |     4 |       ||     4
       Stone             |       |     3 ||     3
  Use: Potion            |       |     3 ||     3
       Scroll            |       |     2 ||     2
Armor: Scale mail        |    43 |    56 ||    99
Dodge: Dodged            |    31 |    42 ||    73
Block: Buckler           |    20 |    22 ||    42

Levels and vault maps discovered:
D:1:      amcnicky_arrival_single_pillar, layout_loops_cross,
          chequers_ecumenical_altar_island
D:2:      layout_loops_cross, minmay_lizard_king, uniq_sigmund
D:3:      layout_loops_ring, grunt_dithmenos_smoke, kennysheep_generic_room_15
D:4:      layout_basic, mainiacjoe_overflow_catwalk, enter_ossuary_3,
          nrook_loot_triangle, uniq_edmund, uniq_eustachio, uniq_menkaure
D:5:      layout_loops_corners, xom_butterflies, amethyst_overflow_temple_binary

Notes
Turn   | Place    | Note
-------+----------+-------------------------------------------
     0 | D:1      | AmazingTV the Minotaur Fighter began the quest for the Orb.
     0 | D:1      | Reached XP level 1. HP: 19/19 MP: 0/0
     0 | D:1      | magus.rc [v1.9.6]
    52 | D:1      | You pick up a book of Scorching and begin reading...
    52 | D:1      | You add the spells Scorch, Flame Wave and Summon Cactus
                  | Giant to your library.
   172 | D:1      | Found a faded altar of an unknown god.
   413 | D:1      | Reached XP level 2. HP: 27/27 MP: 1/1
   696 | D:2      | Reached skill level 4 in Shields
   698 | D:2      | Reached skill level 4 in Fighting
   698 | D:2      | Reached skill level 4 in Armour
   706 | D:2      | Reached skill level 3 in Axes
   795 | D:2      | Reached XP level 3. HP: 33/33 MP: 2/2
   843 | D:2      | You pick up a book of Armaments and begin reading...
   843 | D:2      | You add the spells Stone Arrow, Animate Armour and
                  | Lehudib's Crystal Spear to your library.
  1253 | D:2      | Noticed Sigmund
  1672 | D:3      | Reached XP level 4. HP: 32/40 MP: 3/3
  2010 | D:3      | Found a shadowy altar of Dithmenos.
  2328 | D:4      | Noticed Menkaure
  2380 | D:4      | Noticed an ogre
  2387 | D:4      | HP: 3/41 [orc priest/divine providence (14)]
  2685 | D:2      | Identified the +5 dagger "Jacwikae" {vorpal, *Corrode rN++}
  3233 | D:4      | Reached XP level 5. HP: 18/47 MP: 4/4
  3382 | D:4      | Found a sparkling altar of Nemelex Xobeh.
  3382 | D:4      | Noticed Edmund
  3423 | D:5      | Entered Level 5 of the Dungeon
  3680 | D:5      | Noticed a sky beast
  3695 | D:5      | HP: 7/47 [something (6)]
  3698 | D:5      | HP: 1/47 [sky beast (6)]
  3700 | D:5      | Killed a sky beast
  3701 | D:5      | Reached skill level 5 in Fighting
  3701 | D:5      | Reached skill level 4 in Axes
  3701 | D:5      | Reached skill level 5 in Armour
  3701 | D:5      | Reached skill level 5 in Shields
  3955 | D:5      | HP: 9/48 [poisoned by a kobold brigand]
  3957 | D:5      | HP: 3/48 [poisoned by a kobold brigand]
  3959 | D:5      | Succumbed to a kobold brigand's poison

Vanquished Creatures
  A sky beast (D:5)
  An orc wizard (D:4)
  A hound skeleton (D:2)
  4 adders
  A worm (D:2)
  5 orcs
  4 bats
  4 endoplasms
  2 giant cockroaches
  5 goblins
  2 hobgoblins
  8 jackals
  5 quokkas
  4 ball pythons
  12 frilled lizards
  9 kobolds
  4 rats
72 creatures vanquished.

Vanquished Creatures (others)
  5 plants (D:2)
5 creatures vanquished.

Grand Total: 77 creatures vanquished

Table legend:
 A = Non-vault XP
 B = Vault XP
 C = Vault XP percentage of total XP
 D = Non-vault monster count
 E = Vault monster count
 F = Vault count percentage of total count
                 A         B        C        D         E       F
            +---------+---------+-------+---------+---------+-------
      Total |     340 |       8 |   2.3 |      64 |       8 |  11.1
            +---------+---------+-------+---------+---------+-------
        D:1 |      16 |       0 |   0.0 |      10 |       0 |   0.0
        D:2 |      65 |       8 |  11.0 |      19 |       8 |  29.6
        D:3 |      52 |       0 |   0.0 |      17 |       0 |   0.0
        D:4 |      80 |       0 |   0.0 |      17 |       0 |   0.0
        D:5 |     127 |       0 |   0.0 |       1 |       0 |   0.0
            +---------+---------+-------+---------+---------+-------

Illustrated notes

Table legend:
 A = Kills in this place as a percentage of kills in entire the game.
 B = Kills by you in this place as a percentage of kills by you in the entire game.
 C = Kills by friends in this place as a percentage of kills by friends in the entire game.
 D = Other kills in this place as a percentage of other kills in the entire game.
 E = Experience gained in this place as a percentage of experience gained in the entire game.
 F = Experience gained in this place divided by the number of levels of this place that you have seen.
                   A       B       C       D       E      F
               +-------+-------+-------+-------+-------+----------------------
         Total | 100.0 | 100.0 |   N/A |   N/A | 100.0 |  69.6
       Dungeon | 100.0 | 100.0 |   N/A |   N/A | 100.0 |  69.6
               +-------+-------+-------+-------+-------+----------------------

Table legend: (Time is in decaauts)
 A = Elapsed time spent in this place.
 B = Non-inter-level travel time spent in this place.
 C = Inter-level travel time spent in this place.
 D = Time resting spent in this place.
 E = Time spent auto-exploring this place.
 F = Levels seen in this place.
 G = Mean time per level.
                   A        B        C        D        E       F      G
               +--------+--------+--------+--------+--------+-----+--------+
         Total |   4037 |   3928 |    109 |    900 |   2300 |   5 |  807.4 |
       Dungeon |   4037 |   3928 |    109 |    900 |   2300 |   5 |  807.4 |
               +--------+--------+--------+--------+--------+-----+--------+

Top non-repeatable levels by time:
     D:3: 1288 daAuts
     D:2: 1077 daAuts
     D:1: 668 daAuts
     D:5: 541 daAuts
     D:4: 461 daAuts
